 Dungeon Crawl Stone Soup version 0.28-a0-1560-g060a6a1bfc (webtiles) character file.

Game seed: 7111030607265779993

28355 BritishOli the Fighter (level 13, 0/111 HPs)
             Began as a Demonspawn Gladiator on Jan 19, 2022.
             Was the Champion of Okawaru.
             Slain by a six-headed hydra simulacrum (19 damage)
             ... in an ice cave.
             The game lasted 01:13:04 (19310 turns).

BritishOli the Fighter (Demonspawn Gladiator)      Turns: 19310, Time: 01:13:06

Health: 0/111      AC: 37    Str: 18    XL:     13   Next: 9%
Magic:  11/13      EV: 17    Int: 10    God:    Okawaru [******]
Gold:   989        SH:  0    Dex: 16    Spells: 12/12 levels left

rFire   x . .      SeeInvis +   W - +4 long sword (elec)
rCold   + . .      Faith    .   (no shield)
rNeg    . . .      Spirit   .   a - +14 plate armour of Umion {rElec rF- rC+ rCorr}
rPois   +          Reflect  .   c - +0 helmet
rElec   +          Harm     .   u - scarf {shadows}
rCorr   +          Rampage  .   (no gloves)
Will    .....                   B - +0 pair of boots
Stlth   ..........              L - amulet of the acrobat
HPRegen 0.28/turn               I - ring of see invisible
MPRegen 0.13/turn               p - +4 ring of evasion

@: heroic
A: hooves 2, slimy green scales 3, powered by death 2, spiny 2
a: Renounce Religion, Heroism, Finesse, Duel


You were in an ice cave.
You worshipped Okawaru.
Okawaru was exalted by your worship.
You visited 4 branches of the dungeon, and saw 20 of its levels.
You also visited: Gauntlet and Ice Cave.

You collected 989 gold pieces.

Inventory:

Hand Weapons
 f - a +4 short sword
 o - the +7 staff of the Meek {protect, meekguard}
   (You found it on level 3 of the Dungeon)

   It grants its wielder temporary protection when it strikes (+7 to AC).
   It provides extra protection to wielders with little health.
 w - the +9 hand axe "Aropt" {flame, Will+ Str-2 Dex+2}
   (You found it on level 7 of the Dungeon)

   It burns those it strikes, dealing additional fire damage.
   Big, fiery blades are also staple armaments of hydra-hunters.
   Str:       It affects your strength (-2).
   Dex:       It affects your dexterity (+2).
   Will:      It increases your willpower.
 W - a +4 long sword of electrocution (weapon)
Missiles
 d - 3 throwing nets
 e - 20 javelins (quivered)
Armour
 a - the +14 plate armour of Umion (worn) {rElec rF- rC+ rCorr}
   (You found it on level 11 of the Dungeon)

   rF:        It makes you vulnerable to fire.
   rC:        It protects you from cold.
   rElec:     It insulates you from electricity.
   rCorr:     It protects you from acid and corrosion.
 c - a +0 helmet (worn)
 u - a scarf of shadows (worn)
 B - a +0 pair of boots (worn)
 E - a +3 scale mail
 J - the +1 robe of Zaubiak {rElec Str+3}
   (Okawaru gifted it to you on level 10 of the Dungeon)

   Str:       It affects your strength (+3).
   rElec:     It insulates you from electricity.
 S - a +1 buckler of protection
Jewellery
 p - a +4 ring of evasion (right hand)
 r - a ring of fire
 H - a ring of resist corrosion
 I - a ring of see invisible (left hand)
 L - an amulet of the acrobat (around neck)
 T - an amulet of guardian spirit
Wands
 l - a wand of flame (67)
 t - a wand of paralysis (16)
 D - a wand of mindburst (11)
Scrolls
 b - a scroll of silence
 g - 5 scrolls of teleportation
 i - 2 scrolls of enchant weapon
 m - 6 scrolls of amnesia
 s - a scroll of blinking
 x - 2 scrolls of holy word
 y - 2 scrolls of fog
 A - 2 scrolls of enchant armour
 C - a scroll of brand weapon
 M - 3 scrolls of identify
 N - 2 scrolls of acquirement
 O - a scroll of magic mapping
 U - 2 scrolls of immolation {unknown}
Potions
 h - a potion of flight
 j - 6 potions of brilliance
 k - 4 potions of curing
 n - 5 potions of degeneration
 q - 5 potions of haste
 v - a potion of ambrosia
 z - 5 potions of mutation {unknown}
 F - a potion of attraction {unknown}
 G - a potion of magic {unknown}
 K - 4 potions of heal wounds {unknown}
 V - a potion of might {unknown}
Miscellaneous
 P - a condenser vane
 Q - a phial of floods
 R - a tin of tremorstones (2/2)


   Skills:
 * Level 13.3(18.3) Fighting
 + Level 7.8(12.8) Long Blades
 - Level 2.0(7.0) Throwing
 * Level 8.8(13.8) Armour
 * Level 12.6(17.6) Dodging


You had 12 spell levels left.
You didn't know any spells.
Your spell library contained the following spells:

 Spells                   Type           Power      Damage    Failure   Level
 Apportation              Tloc           0%         N/A       99%         1
 Magic Dart               Conj           0%         1d3       99%         1
 Pain                     Necr           0%         1d4       99%         1
 Sandblast                Erth           0%         2d4       99%         1
 Corpse Rot               Necr/Air       0%         N/A       100%        2
 Passwall                 Tmut/Erth      0%         N/A       100%        2
 Poisonous Vapours        Pois/Air       0%         N/A       100%        2
 Searing Ray              Conj           0%         2d4       100%        2
 Stone Arrow              Conj/Erth      0%         3d7       100%        3
 Vampiric Draining        Necr           0%         2d6       100%        3
 Fulminant Prism          Conj/Hex       0%         3d6       100%        4
 Leda's Liquefaction      Hex/Erth       0%         N/A       100%        4
 Alistair's Intoxication  Tmut/Pois      0%         N/A       100%        5
 Animate Skeleton         Necr           Unusable   N/A       N/A         1
 Tukima's Dance           Hex            Unusable   N/A       N/A         3
 Summon Ice Beast         Ice/Summ       Unusable   N/A       N/A         4
 Summon Forest            Summ/Tloc      Unusable   N/A       N/A         5
 Malign Gateway           Summ/Tloc      Unusable   N/A       N/A         7

Dungeon Overview and Level Annotations

Branches:
Dungeon (15/15)            Temple (1/1) D:4            Lair (4/6) D:9
  Swamp (1/4) Lair:2        Snake (0/4) Lair:2        IceCv (1/1)
Gauntlet (visited)
    Orc: D:9-12      Vaults: D:13-14     Depths: D:15

Altars:
Ashenzari
Cheibriados
Dithmenos
Elyvilon
Fedhas
Gozag
Hepliaklqana
Kikubaaqudgha
Makhleb
Nemelex Xobeh
Okawaru
Qazlal
Ru
Sif Muna
Trog
Vehumet
Wu Jian
Xom
Yredelemnul
Zin
The Shining One

Annotations:
D:4 Eustachio
D:14 exclusion: 2 ice statues


Innate Abilities, Weirdness & Mutations

You have hoof-like feet.
You are completely covered in slimy green scales. (AC +4, rPois)
You regenerate health from kills.
You are mostly covered in sharp spines.


Message History

You are too injured to fight recklessly!
You are too injured to fight recklessly!
You are too injured to fight recklessly!
You are too injured to fight recklessly!
You barely miss the bog body. The bog body misses you.
You barely miss the bog body.
The bog body touches you but does no damage.
You barely miss the bog body. The bog body is struck by your spines.
The bog body misses you.
You hit the bog body.
Lightning courses through the bog body!!
The bog body is severely damaged.
The bog body is struck by your spines. The bog body closely misses you.
You slash the bog body!
You destroy the bog body!
Okawaru accepts your kill.
A six-headed hydra simulacrum comes into view.
You see here a bog body corpse.
A four-headed hydra simulacrum comes into view.
You see here a bog body corpse.
There is an open door here.
The six-headed hydra simulacrum closely misses you.
The six-headed hydra simulacrum bites you.
The six-headed hydra simulacrum freezes you!
You resist.
The six-headed hydra simulacrum bites you!
The six-headed hydra simulacrum freezes you!
You resist.
* * * LOW HITPOINT WARNING * * *
The six-headed hydra simulacrum closely misses you.
The six-headed hydra simulacrum completely misses you. x2
There is an open door, spattered with blood here.
You gain the combat prowess of a mighty hero.
The six-headed hydra simulacrum is struck by your spines.
The six-headed hydra simulacrum barely misses you. x2
The six-headed hydra simulacrum bites you!
* * * LOW HITPOINT WARNING * * *
The six-headed hydra simulacrum freezes you!!
You resist.
You die...

####### ###.....### # ##
#.........## # #.#.
####.........## #.#'#Z
.#⌠.#..........# ......
.'[n#.........##
8.8.8.########..........#####
...........#..............##.
.......†..ZZ@....⌠...........
...........#.................
8.8.8.########..........##..#
...... +$W#.........######
#.#+#' #⌠.#..........# # #.
####.........## ##
#.........## ###.....###
#######


You could see a six-headed hydra simulacrum and a four-headed hydra simulacrum.

Vanquished Creatures
  A minotaur (Gauntlet)
  3 hydras
  A catoblepas (Lair:2)
  4 two-headed ogres
  3 bog bodies
  2 obsidian statues (IceCv)
  A cyclops (D:7)
  An ugly thing (D:12)
  An oklob plant (Lair:1)
  A black mamba (Lair:1)
  A gargoyle (D:11)
  An ice statue (Gauntlet)
  A hellion (Gauntlet)
  A rime drake (Gauntlet)
  Maggie (D:9)
  4 cane toads
  A kobold demonologist (D:6)
  3 komodo dragons
  An ice devil (Gauntlet)
  3 trolls
  2 entropy weaver simulacra (IceCv)
  4 freezing wraiths (IceCv)
  A red devil (Gauntlet)
  2 hornets
  4 blink frogs (Lair:1)
  A polar bear (D:10)
  2 meliai zombies (D:10)
  Sigmund (D:6)
  2 wyverns
  A centaur simulacrum (D:10)
  14 yaks
  A culicivora (shapeshifter) (D:10)
  2 wraiths
  A vampire (D:7)
  A dire elephant simulacrum (IceCv)
  A steam dragon (D:7)
  A basilisk (Lair:1)
  A vampire mosquito (D:7)
  An acid dragon (D:5)
  Edmund (D:4)
  2 nagas (Lair:2)
  2 hell hounds (Gauntlet)
  12 water moccasins
  A hydra simulacrum (IceCv)
  6 orc warriors
  2 black bears
  3 ice beasts
  3 ogres
  6 wolves
  A centaur (D:8)
  A phantom (D:4)
  10 bullfrogs
  5 kobold brigands
  A scorpion (D:6)
  A gnoll sergeant (D:8)
  A water moccasin zombie (D:5)
  A wyvern skeleton (D:7)
  2 water moccasin skeletons (D:5)
  6 killer bees (D:8)
  2 lindwurm simulacra (IceCv)
  6 wights
  An electric eel (D:10)
  3 howler monkeys
  2 centaur zombies
  A bullfrog zombie (D:5)
  5 orc priests
  9 hounds
  A bullfrog skeleton (D:5)
  3 gnoll shamans
  3 jellies
  3 iguanas
  11 orc wizards
  A hound zombie (D:5)
  A howler monkey zombie (D:9)
  Robin (D:4)
  3 adders
  A howler monkey skeleton (D:7)
  9 gnolls
  8 white imps
  A howler monkey simulacrum (D:10)
  4 ufetubi
  An adder zombie (D:5)
  A worm (D:2)
  6 dart slugs
  32 orcs
  3 bats
  7 endoplasms
  3 giant cockroaches
  20 goblins
  13 hobgoblins
  4 jackals
  25 kobolds
  7 quokkas
  4 ball pythons
  2 frilled lizards (D:3)
  A quokka skeleton (D:4)
  9 rats
362 creatures vanquished.

Vanquished Creatures (others)
  A kobold demonologist (D:11)
  A bloated husk (Swamp:1)
  A kobold (D:11)
  5 fungi
  15 plants
23 creatures vanquished.

Grand Total: 385 creatures vanquished

Notes
Turn   | Place    | Note
-------+----------+-------------------------------------------
     0 | D:1      | BritishOli the Demonspawn Gladiator began the quest for the
                  | Orb.
     0 | D:1      | Reached XP level 1. HP: 16/16 MP: 1/1
   406 | D:1      | Gained mutation: You are partially covered in slimy green
                  | scales. (AC +2) [demonic ancestry]
   406 | D:1      | Reached XP level 2. HP: 12/22 MP: 2/2
  1316 | D:1      | Gained mutation: You regenerate a little health from kills.
                  | [demonic ancestry]
  1316 | D:1      | Reached XP level 3. HP: 28/28 MP: 3/3
  1829 | D:2      | Got the Papyrus of the Escort
  3010 | D:3      | Reached XP level 4. HP: 32/34 MP: 4/4
  3336 | D:3      | Found the +7 staff of the Meek {protect, meekguard}
  3590 | D:3      | Found a sacrificial altar of Ru.
  3776 | D:3      | Found a hazy altar of Hepliaklqana.
  3876 | D:4      | Noticed Eustachio
  3945 | D:4      | Found a staircase to the Ecumenical Temple.
  3948 | D:4      | Noticed Edmund
  3989 | D:5      | Entered Level 5 of the Dungeon
  4025 | D:5      | Reached skill level 3 in Fighting
  4025 | D:5      | Gained mutation: You are mostly covered in slimy green
                  | scales. (AC +3) [demonic ancestry]
  4025 | D:5      | Reached XP level 5. HP: 41/41 MP: 5/5
  4027 | D:5      | Noticed an acid dragon
  4044 | D:6      | Noticed a kobold demonologist
  4382 | D:4      | Noticed a phantom
  4394 | D:4      | Killed a phantom
  4395 | D:4      | Reached skill level 1 in Armour
  4502 | D:4      | Noticed Robin
  4514 | D:4      | Killed Robin
  4767 | D:4      | Gained mutation: You are partially covered in sharp spines.
                  | [demonic ancestry]
  4767 | D:4      | Reached XP level 6. HP: 45/47 MP: 6/6
  5166 | D:4      | Killed Edmund
  5167 | D:4      | Reached skill level 4 in Fighting
  5181 | Temple   | Entered the Ecumenical Temple
  5563 | D:5      | Reached XP level 7. HP: 43/55 MP: 7/7
  5668 | D:5      | Reached skill level 5 in Dodging
  5899 | D:4      | Found an ornate altar of the Wu Jian Council.
  6011 | D:5      | Reached skill level 5 in Fighting
  6227 | D:6      | Gained mutation: You regenerate health from kills. [demonic
                  | ancestry]
  6227 | D:6      | Reached XP level 8. HP: 53/63 MP: 8/8
  6373 | D:6      | Noticed a troll
  6389 | D:6      | Killed a troll
  6618 | D:6      | Noticed Sigmund
  6628 | D:7      | Found an iron altar of Okawaru.
  6635 | D:7      | Became a worshipper of Warmaster Okawaru
  6636 | D:7      | Identified the +9 hand axe "Aropt" {flame, Will+ Str-2
                  | Dex+2}
  6643 | D:7      | Reached skill level 6 in Fighting
  6643 | D:7      | Reached skill level 5 in Long Blades
  6792 | D:7      | Noticed a two-headed ogre
  6802 | D:7      | Killed a two-headed ogre
  6802 | D:7      | Reached * piety under Okawaru
  6803 | D:7      | Reached skill level 7 in Fighting
  6803 | D:7      | Gained mutation: You are mostly covered in sharp spines.
                  | [demonic ancestry]
  6803 | D:7      | Reached XP level 9. HP: 32/72 MP: 9/9
  6948 | D:7      | Noticed a cyclops
  6955 | D:7      | Killed a cyclops
  6955 | D:7      | Reached ** piety under Okawaru
  7289 | D:7      | Reached skill level 8 in Fighting
  7322 | D:7      | Found an opulent altar of Gozag.
  7808 | D:8      | Reached skill level 5 in Armour
  7850 | D:8      | Reached *** piety under Okawaru
  7863 | D:8      | Gained mutation: You are completely covered in slimy green
                  | scales. (AC +4, rPois) [demonic ancestry]
  7863 | D:8      | Reached XP level 10. HP: 82/82 MP: 10/10
  7926 | D:8      | Paralysed by a hornet for 3 turns
  7930 | D:8      | Reached skill level 9 in Fighting
  7963 | D:8      | Identified the +9 flail "Mitresij" {holy, Dex+2}
  7970 | D:8      | Noticed a two-headed ogre
  8492 | D:8      | Killed a two-headed ogre
  9196 | D:9      | Reached **** piety under Okawaru
  9298 | D:9      | Found a staircase to the Lair.
  9511 | D:9      | Paralysed by a hornet for 1 turns
  9741 | D:9      | Noticed a two-headed ogre
  9753 | D:9      | Killed a two-headed ogre
  9754 | D:9      | Reached skill level 10 in Fighting
  9928 | D:9      | Found an ancient bone altar of Kikubaaqudgha.
  9988 | D:9      | Noticed an angel
 10021 | D:9      | Noticed Maggie
 10086 | D:9      | Killed Maggie
 10086 | D:9      | Reached ***** piety under Okawaru
 10477 | D:6      | Killed Sigmund
 10504 | D:6      | Found a burning altar of Makhleb.
 10513 | D:6      | Noticed a smoke demon
 10645 | D:6      | Found a bloodstained altar of Trog.
 10802 | D:5      | Gained mutation: You have large cloven feet. [demonic
                  | ancestry]
 10802 | D:5      | Reached XP level 11. HP: 92/92 MP: 11/11
 10813 | D:5      | Found a shimmering altar of Xom.
 10939 | D:5      | Reached skill level 10 in Dodging
 11388 | D:10     | Entered Level 10 of the Dungeon
 11811 | D:10     | Found a broken altar of Ashenzari.
 11830 | D:10     | Noticed a two-headed ogre
 11843 | D:10     | Killed a two-headed ogre
 11937 | D:10     | Identified the +1 robe of Zaubiak {rElec Str+3} (Okawaru
                  | gifted it to you on level 10 of the Dungeon)
 11937 | D:10     | Received a gift from Okawaru
 12140 | D:10     | Reached skill level 11 in Fighting
 12356 | D:10     | Noticed a centaur warrior
 12356 | D:10     | Noticed a boulder beetle
 12356 | D:10     | Noticed a rakshasa
 12357 | D:10     | Noticed a brown ugly thing
 12364 | D:10     | Noticed a centaur warrior
 12369 | D:10     | Noticed a brown ugly thing
 12374 | D:10     | Noticed a wizard
 12437 | Lair:1   | Entered Level 1 of the Lair of Beasts
 12472 | Lair:1   | Found a gate leading to a gauntlet.
 12501 | Gauntlet | Entered a Gauntlet
 12501 | Gauntlet | Found a transporter.
 12504 | Gauntlet | Noticed a catoblepas
 12543 | Gauntlet | Found a runed translucent gate.
 12543 | Gauntlet | Found a runed translucent gate.
 12543 | Gauntlet | Found a runed translucent gate.
 12551 | Gauntlet | Found a transporter.
 12555 | Gauntlet | Found a transporter.
 12563 | Gauntlet | Found a transporter.
 12567 | Gauntlet | Found a transporter.
 12577 | Gauntlet | Found a transporter.
 12588 | Gauntlet | Noticed a thrashing horror
 12592 | Gauntlet | Found a transporter.
 12606 | Gauntlet | Found a transporter.
 12610 | Gauntlet | Found a transporter.
 12618 | Gauntlet | Found a transporter.
 12622 | Gauntlet | Found a transporter.
 12630 | Gauntlet | Found a transporter.
 13584 | Gauntlet | Noticed a minotaur
 13608 | Gauntlet | Killed a minotaur
 13818 | Lair:1   | Reached XP level 12. HP: 102/102 MP: 12/12
 13876 | Lair:1   | Noticed a five-headed hydra
 13891 | Lair:1   | Killed a five-headed hydra
 13891 | Lair:1   | Received a gift from Okawaru
 13892 | Lair:1   | Reached skill level 12 in Fighting
 14671 | Lair:2   | Found a staircase to the Snake Pit.
 15089 | Lair:2   | Noticed a catoblepas
 15097 | Lair:2   | Killed a catoblepas
 15325 | Lair:2   | Found a staircase to the Swamp.
 15708 | Lair:3   | Noticed an eight-headed hydra
 15718 | Lair:3   | Killed an eight-headed hydra
 16592 | Lair:4   | Noticed a death yak
 16647 | Swamp:1  | Entered Level 1 of the Swamp
 16653 | Swamp:1  | Noticed a bunyip
 17332 | D:11     | Identified the +14 plate armour of Umion {rElec rF- rC+
                  | rCorr}
 17561 | D:11     | Noticed a four-headed hydra
 17566 | D:11     | Killed a four-headed hydra
 17567 | D:11     | Reached skill level 13 in Fighting
 18293 | D:12     | You fall into a shaft and drop 3 floors!
 18293 | D:15     | Entered Level 15 of the Dungeon
 18293 | D:15     | Noticed a tengu warrior
 18294 | D:15     | Noticed a stone giant
 18430 | D:14     | Got the Incunabulum of Bewitchment
 18431 | D:14     | Identified 2 scrolls of acquirement
 18444 | D:14     | Found a frozen archway.
 18452 | IceCv    | Entered an ice cave
 18539 | IceCv    | Reached ****** piety under Okawaru
 19021 | IceCv    | Gained mutation: You have hoof-like feet. [demonic
                  | ancestry]
 19021 | IceCv    | Reached XP level 13. HP: 105/111 MP: 13/13
 19156 | IceCv    | Received a gift from Okawaru
 19310 | IceCv    | Slain by a six-headed hydra simulacrum

Illustrated notes

Levels and vault maps discovered:
D:1:      dpeg_arrival_short_road, layout_loops_ring, serial_co_window_serial,
          co_window_corner_a, co_window_corner_a, co_window_paths_b,
          co_window_corner_a, co_window_paths_a, co_window_broadway_a,
          co_window_broadway_b, co_window_2corner, co_window_unsneaky_path_d,
          co_window_4corner_b
D:2:      minmay_general_purpose_star, layout_loops_cross,
          serial_co_window_serial, co_window_paths_a, co_window_corner_a,
          co_window_corner_a, co_window_corner_a, co_window_corner_a,
          co_window_cross_2, co_window_unsneaky_path_a, co_window_broadway_b,
          co_window_paths_c, co_window_of_opportunity_b, co_window_2corner,
          co_window_broadway_b, co_window_sun, glass_columns_b, glass_columns_a,
          glass_columns_a, glass_columns_a
D:3:      layout_loops_ring, nicolae_hepliaklqana_hippocampus,
          nicolae_ru_awakened_eye
D:4:      layout_basic, lemuel_coloured_pillars_altar, nzn_wu_jian_council_hall,
          minmay_temple_entry_junction, uniq_edmund, uniq_robin, uniq_eustachio
D:5:      layout_rooms, xom_confusion_cloud
D:6:      layout_rooms, mainiacjoe_overflow_24_doors, trog_three_pillars_becter,
          kennysheep_generic_room_6, uniq_sigmund
D:7:      minmay_chambers_of_sixes, layout_rooms,
          mainiacjoe_overflow_cross_hatched, okawaru_ov_weapons_minmay,
          hex_medium
D:8:      kennysheep_housing_project, layout_loops_ring, enter_bailey_5,
          minmay_fractal_squares_5
D:9:      layout_stronghold, zin_angel, kennysheep_mini, lair_entry_dummy,
          serial_co_window_serial, co_window_corner_a, co_window_paths_b,
          co_window_of_opportunity_a, co_window_paths_b, co_window_paths_a,
          co_window_2corner, co_window_paths_c, co_window_2corner,
          co_window_unsneaky_path_e, glass_columns_a, glass_columns_a,
          glass_columns_b, glass_columns_c, uniq_maggie
D:10:     layout_roguey, mainiacjoe_overflow_boulevard,
          nicolae_uskayaw_en_pointe, david_orc_4, serial_ice, serial_ice_h,
          serial_ice_e, serial_ice_b, serial_ice_n, serial_ice_m, serial_ice_g,
          serial_ice_d, serial_ice_j, serial_ice_c, serial_ice_a, minivault_28
D:11:     layout_gridville
D:12:     minmay_sliced_demisemicircle, layout_gridville
D:14:     layout_layer_cave, portal_ice_cave_entry_ice_statue_two,
          grunt_decor_arrowhead, serial_shops,
          nicolae_shop_bloodbath_and_beyond, minmay_misc_feat_more_columns
D:15:     hangedman_depths_entry_civil_slaughter, layout_loops_ring,
          nicolae_trove_entry_crossroad, chequers_decorated_corner,
          uniq_josephine
Temple:   jpeg_temple_island
Lair:1:   layout_misc_corridors, gauntlet_entry_generic, grunt_megastairs_5
Lair:2:   layout_cave_shapes, skrybe_swamp_entry_bodies,
          guppyfry_snake_entry_island
Lair:3:   layout_concentric_octagons, serial_bayou_crossing, grunt_megastairs_3
Lair:4:   layout_gridlike, serial_bayou_shore_b
Swamp:1:  nicolae_swamp_long_stream, layout_basic_swamp,
          evilmike_swamp_ruin_house_5
IceCv:    ice_cave_tombish

Skill      XL: |  1  2  3  4  5  6  7  8  9 10 11 12 |
---------------+-------------------------------------+-----
Throwing       | 2 |  2.0
Long Blades    | 3 4 5 6 7 |  7.8
Dodging        | 3 4 5 7 8 9 11 12 | 12.6
Fighting       | 3 4 5 7 8 10 11 13 | 13.3
Armour         | 1 2 4 5 6 7 8 |  8.8

Action                   |  1- 3 |  4- 6 |  7- 9 | 10-12 | 13-15 || total
-------------------------+-------+-------+-------+-------+-------++-------
Melee: Long sword        |   114 |    54 |       |       |    14 ||   182
       Punch             |     2 |     1 |       |       |       ||     3
       Quarterstaff      |       |    94 |   152 |   632 |     9 ||   887
Throw: Javelin           |       |     2 |       |     7 |       ||     9
Invok: Heroism           |       |       |       |     5 |     1 ||     6
       Finesse           |       |       |       |     1 |       ||     1
Evoke: Wand              |       |       |     1 |     4 |       ||     5
  Use: Scroll            |     2 |     9 |     4 |    10 |       ||    25
       Potion            |       |     1 |       |     2 |       ||     3
 Stab: Sleeping          |       |     1 |       |       |       ||     1
Armor: Leather armour    |    51 |    90 |    58 |    20 |       ||   219
       Scale mail        |       |       |       |   251 |       ||   251
       Plate armour      |       |       |       |   151 |    18 ||   169
Dodge: Dodged            |   106 |   120 |   215 |   809 |    17 ||  1267

Table legend: (Time is in decaauts)
 A = Elapsed time spent in this place.
 B = Non-inter-level travel time spent in this place.
 C = Inter-level travel time spent in this place.
 D = Time resting spent in this place.
 E = Time spent auto-exploring this place.
 F = Levels seen in this place.
 G = Mean time per level.
                   A        B        C        D        E       F      G
               +--------+--------+--------+--------+--------+-----+--------+
         Total |  19702 |  18765 |    937 |   3606 |  11155 |  22 |  895.5 |
       Dungeon |  13671 |  12891 |    780 |   1931 |   8159 |  14 |  976.5 |
        Temple |    307 |    293 |     14 |      0 |    289 |   1 |  307.0 |
          Lair |   3524 |   3382 |    142 |    520 |   2349 |   4 |  881.0 |
         Swamp |     16 |     16 |      0 |      0 |      0 |   1 |   16.0 |
      Ice Cave |    883 |    883 |      0 |    568 |     12 |   1 |  883.0 |
      Gauntlet |   1299 |   1299 |      0 |    587 |    344 |   1 | 1299.0 |
               +--------+--------+--------+--------+--------+-----+--------+

Top non-repeatable levels by time:
     D:1: 1707 daAuts
     D:4: 1532 daAuts
  Lair:2: 1458 daAuts
     D:9: 1424 daAuts
     D:7: 1422 daAuts
Gauntlet: 1299 daAuts
     D:2: 1283 daAuts
     D:8: 1223 daAuts
    D:10: 1077 daAuts
  Lair:3: 1032 daAuts
     D:3: 1027 daAuts
  Lair:1: 1016 daAuts
    D:11: 940 daAuts
     D:6: 917 daAuts
   IceCv: 883 daAuts
